[Event "Early-Titled-Tuesday-Blitz-September-26-2023"]
[Site "Chess.com"]
[Date "2023.09.26"]
[Round "9"]
[White "Boxerandchessplayer"]
[Black "Chaos_Magic"]
[Result "1/2-1/2"]
[WhiteElo "2190"]
[BlackElo "2402"]
[TimeControl "180+1"]
[EndTime "9:45:29 PDT"]
[Termination "Game drawn by repetition"]

1. d4 Nf6 2. Nf3 d5 3. c4 e6 4.
g3 g6 5. Bg2 Bg7 6. O-O O-O 7.
Qc2 Nc6 8. Rd1 Qe7 9. b3 Ne4 10.
Ba3 Nb4 11. Qb2 a5 12. Nc3 Nxc3 13. Qxc3 c5 14. cxd5 exd5 15. e3 Bg4 16. Qd2 cxd4 17. exd4 Rfc8 18. Re1 Be6 19. Rac1 Rxc1 20. Rxc1 Rc8 21.
Rxc8+ Bxc8 22. Ne1 Bf5 23. Bxb4 axb4 24. Bxd5 Qd7 25.
Bg2 Qxd4 26. Qxd4 Bxd4 27. Bxb7 Bb1 28. Bd5 Bxa2 29. Nd3 Bc3 30. Kf1 Bb1 31. Ke2 Bxd3+ 32. Kxd3 Kg7 33. f4 f6 34. Bc4 g5 35. fxg5 fxg5 36. Ke4 h6 37. h3 Bd2 38. Kf5 Bc3 39. h4 gxh4 40. gxh4 Be1 41. h5 Bc3 42. Bd5 Bd2 43. Bc4 Bc3 44. Bd5 Bd2 45. Bc4 Bc3 1/2-1/2

[Event "Early-Titled-Tuesday-Blitz-September-26-2023"]
[Site "Chess.com"]
[Date "2023.09.26"]
[Round "9"]
[White "Incognito_Knight"]
[Black "LoaySameer"]
[Result "0-1"]
[WhiteElo "2753"]
[BlackElo "2634"]
[TimeControl "180+1"]
[EndTime "9:45:31 PDT"]
[Termination "LoaySameer won on time"]

1. e4 g6 2. d4 Bg7 3. Nc3 d6 4. Bg5 c5 5. d5 Bxc3+ 6. bxc3 Qa5 7. Qd2 Nf6 8. f3 Nbd7 9. Ne2 Ne5 10. Ng3 b5 11. h4 h5 12. Be2 Bd7 13. O-O b4 14.
cxb4 Qxb4 15. c3 Qa5 16. Rab1 O-O 17. f4 Neg4 18. Bxg4 Nxg4 19. Bxe7 Rfe8 20. Bg5 Bb5 21. Rf3 Bc4 22. Ra1 Rab8 23. f5 Qa3 24. fxg6 fxg6 25.
Bf6 Qb2 26. Qg5 Qxa1+ 27. Rf1 Qxf1+ 28. Nxf1 Kh7 29. Nd2 Rf8 30. e5 dxe5 31. Bxe5 Rb1+ 0-1

[Event "Early-Titled-Tuesday-Blitz-September-26-2023"]
[Site "Chess.com"]
[Date "2023.09.26"]
[Round "9"]
[White "ChessQueen"]
[Black "karinachess1"]
[Result "1-0"]
[WhiteElo "2729"]
[BlackElo "2603"]
[TimeControl "180+1"]
[EndTime "9:45:31 PDT"]
[Termination "ChessQueen won on time"]

1. e4 e5 2. Nf3 Nc6 3. Bb5 Nf6 4. d4 Nxe4 5. O-O Nd6 6. Bxc6 dxc6 7. dxe5 Nf5 8. Qxd8+ Kxd8 9. Rd1+ Ke8 10. Nc3 Be7 11.
Ne4 h6 12. b3 Be6 13. h3 Bd5 14. Re1 Bb4 15. Re2 Rd8 16. Bb2 Be7 17. g4 Nh4 18. Nxh4 Bxh4 19. e6 Kf8 20. Nc5 b6 21. Nd7+ Kg8 22. e7 Re8 23. Rae1 Be6 24. Ne5 Rxe7 25. Nxc6 Rd7 26. Nxa7 Kh7 27. Nc6 Ra8 28. a4 Bd5 29. Ne5 Re7 30. Nd3 Rxe2 31. Rxe2 Rd8 32.
Be5 Bxb3 33. Bxc7 Rd7 34. cxb3 Rxd3 35. Bxb6 Rxb3 36. a5 Ra3 37. Kg2 Bf6 38. Re3 Ra2 39. Kf3 g6 40. Rd3 h5 41. gxh5 gxh5 42. Ke4 Kg7 43. Kd5 Bh4 44. Rf3 Kg6 45. Kc6 f5 46. Kb7 Bf6 47. a6 Rb2 48. a7 Bd4 49. a8=Q Rxb6+ 50. Kc7 1-0

[Event "Early-Titled-Tuesday-Blitz-September-26-2023"]
[Site "Chess.com"]
[Date "2023.09.26"]
[Round "9"]
[White "amanmuhammethommadov"]
[Black "Vanina1989"]
[Result "0-1"]
[WhiteElo "2593"]
[BlackElo "2718"]
[TimeControl "180+1"]
[EndTime "9:45:31 PDT"]
[Termination "Vanina1989 won by resignation"]

1. e4 c6 2. d4 d5 3. exd5 cxd5 4.
c3 Nc6 5. Bd3 Nf6 6. Bf4 Bg4 7.
Qb3 Na5 8. Qa4+ Nc6 9. Qb3 Na5 10. Qa4+ Nc6 11. Nd2 e6 12. Ngf3 Bd6 13. Bxd6 Qxd6 14. O-O O-O 15. Rfe1 Bxf3 16. Nxf3 Nd7 17. Qc2 h6 18.
Qe2 Rfe8 19. Qd2 a6 20. a4 Rac8 21. Bc2 Nf8 22. Ne5 Nxe5 23. Rxe5 Qb6 24. g3 Nd7 25. Ree1 Nf6 26. Bd3 Re7 27. Kg2 Rce8 28. f4 Qc6 29. Qe2 Rd8 30. Bc2 Ne8 31. Qd3 g6 32. g4 Nf6 33. Qf3 Kg7 34. h4 Rh8 35. f5 gxf5 36. gxf5 Rg8 37. Kh1 Kf8 38. fxe6 Rxe6 39. Rg1 Rxg1+ 40.
Rxg1 Ne4 41. Qf4 Rf6 42. Qb8+ Ke7 43. Rg8 Rf1+ 44. Kg2 Rf2+ 45. Kg1 Rxc2 46. Qd8+ Ke6 47. Re8+ Kf5 48. Re5+ Kf4 49. Qb8 Ke3 50. h5 Qf6 51. Rxe4+ dxe4 52. Qg3+ Kd2 53. Qf2+ Qxf2+ 54. Kxf2 e3+ 0-1

[Event "Early-Titled-Tuesday-Blitz-September-26-2023"]
[Site "Chess.com"]
[Date "2023.09.26"]
[Round "9"]
[White "artin10862"]
[Black "Jagerrmeisterr"]
[Result "1-0"]
[WhiteElo "2895"]
[BlackElo "2712"]
[TimeControl "180+1"]
[EndTime "9:45:32 PDT"]
[Termination "artin10862 won by resignation"]

1. d4 f5 2. Bg5 h6 3. Bh4 g5 4. Bg3 Nf6 5. e3 Bg7 6. h4 g4 7. Bd3 e6 8. Ne2 Nc6 9. c4 Ne7 10. Nbc3 O-O 11. Qc2 d5 12. cxd5 exd5 13. Be5 c6 14.
Nf4 Bd7 15. f3 Qe8 16. Nce2 Rc8 17. Ng3 Nh7 18. Bxg7 Kxg7 19. fxg4 Nf6 20. gxf5 Nxf5 21. Bxf5 Qxe3+ 22. Nfe2 Ne4 23. Bxe4 Rce8 24. Bf3 Bg4 25.
Qd2 Qe6 26. O-O Bxf3 27. Rxf3 Rxf3 28. gxf3 Kh8 29. Rf1 Qh3 30. Qxh6+ Kg8 31. Qg6+ Kf8 32. Qf6+ Kg8 33. Nf5 1-0

[Event "Early-Titled-Tuesday-Blitz-September-26-2023"]
[Site "Chess.com"]
[Date "2023.09.26"]
[Round "9"]
[White "nikitakhoroshev"]
[Black "AlmasRakhmatullaev"]
[Result "0-1"]
[WhiteElo "2674"]
[BlackElo "2786"]
[TimeControl "180+1"]
[EndTime "9:45:32 PDT"]
[Termination "AlmasRakhmatullaev won by resignation"]

1. Nf3 Nf6 2. g3 g6 3. Bg2 Bg7 4. d4 d6 5. Nc3 c6 6. a4 O-O 7. e4 Bg4 8. h3 Bxf3 9. Bxf3 e5 10.
dxe5 dxe5 11. Qxd8 Rxd8 12. Be3 Na6 13. Ke2 Nb4 14. Rac1 b6 15. Rhd1 Rxd1 16. Nxd1 Rd8 17. c3 Nd3 18. Rc2 Nc5 19. Bxc5 bxc5 20. Ne3 Ne8 21.
Nc4 Kf8 22. Na5 Rc8 23. Bg4 Rc7 24. Rd2 Ke7 25. Nc4 h5 26. Bf3 f6 27. h4 Bh6 28.
Rd3 Ng7 29. Bg2 g5 30. hxg5 Bxg5 31. Bh3 h4 32. Bg4 Ne8 33. a5 Rb7 34. a6 Rc7 35. Kf3 hxg3 36. fxg3 Bh6 37. Rd1 Bf8 38. Bf5 Ng7 39.
Nd6 Nxf5 40. exf5 Rd7 41. Nc8+ Kd8 42. Rxd7+ Kxd7 43. Nxa7 c4 44. Kg4 Bc5 45. Nxc6 Kxc6 46. Kh5 e4 47. Kg4 Bd6 0-1

[Event "Early-Titled-Tuesday-Blitz-September-26-2023"]
[Site "Chess.com"]
[Date "2023.09.26"]
[Round "9"]
[White "esrosenberg"]
[Black "FGHSMN"]
[Result "0-1"]
[WhiteElo "2385"]
[BlackElo "2848"]
[TimeControl "180+1"]
[EndTime "9:45:32 PDT"]
[Termination "FGHSMN won on time"]

1. Nf3 d5 2. d4 Bf5 3. c4 e6 4. Qb3 Nc6 5. Bd2 a5 6. a3 Rb8 7. e3 Nf6 8. Nh4 Be4 9. Nc3 Be7 10. Nxe4 dxe4 11. g3 O-O 12. Bh3 Nd7 13. O-O-O Bxh4 14. gxh4 Qxh4 15. Bg2 e5 16. Qc2 exd4 17. Bxe4 Nc5 18.
Bd5 d3 19. Qc3 Ne7 20. Rhg1 g6 21. e4 Nxd5 22. cxd5 b5 23. Qxc5 b4 24. axb4 axb4 25. Qe3 Ra8 26. Bxb4 Rfb8 27. Ba3 Qf6 28. Qxd3 Qxf2 29.
Qd4 Qxh2 30. Rgf1 Rxa3 31. bxa3 Qa2 32. Qb4 Rxb4 33. axb4 Qc4+ 34. Kd2 Qxe4 35. Rc1 Qxb4+ 36. Ke2 Qe4+ 37. Kf2 Qf5+ 38. Kg1 Qg5+ 39. Kh2 Qxd5 40. Rfd1 Qe5+ 41. Kg2 h5 42. Re1 Qg5+ 43. Kh2 Qh4+ 44.
Kg2 Qg4+ 45. Kh2 c5 46. Rg1 Qf4+ 47. Kh3 c4 48. Rcf1 Qe4 49. Re1 Qf5+ 50. Kh2 c3 51. Rgf1 Qc5 52. Re8+ Kg7 53. Ree1 h4 54. Kh3 g5 55.
Kg4 Kg6 0-1

[Event "Early-Titled-Tuesday-Blitz-September-26-2023"]
[Site "Chess.com"]
[Date "2023.09.26"]
[Round "9"]
[White "sergoy"]
[Black "Msb2"]
[Result "1-0"]
[WhiteElo "2938"]
[BlackElo "3077"]
[TimeControl "180+1"]
[EndTime "9:45:34 PDT"]
[Termination "sergoy won on time"]

1. d4 d5 2. c4 e6 3. Nf3 Nf6 4. g3 Nc6 5. Bg2 Bd6 6. O-O O-O 7. b3 dxc4 8. bxc4 e5 9. c5 Be7 10. dxe5 Qxd1 11. Rxd1 Ne4 12. Bb2 Bxc5 13. e3 Bg4 14. h3 Bxf3 15. Bxf3 Ng5 16. Bxc6 bxc6 17. Nd2 Nxh3+ 18.
Kg2 Ng5 19. Rac1 Ne6 20. Nb3 Bb6 21. Rxc6 Rfd8 22. Rxd8+ Rxd8 23. Nd4 Nxd4 24. Bxd4 g6 25. Bxb6 cxb6 26. Rc7 Rd5 27. e6 fxe6 28. Rxa7 Rd2 29. g4 h5 30. gxh5 gxh5 31. Re7 Rd6 32. Kg3 Kf8 33. Rb7 Ke8 34. a4 Kd8 35. Kh4 Kc8 36.
Re7 Kd8 37. Rb7 Kc8 38. Rf7 Rd5 39. f4 Kd8 40. e4 Ra5 41. e5 Rxa4 42. Kxh5 Ke8 43.
Rf6 Ke7 44. Kg6 b5 45. Rf7+ Ke8 46. f5 1-0

[Event "Early-Titled-Tuesday-Blitz-September-26-2023"]
[Site "Chess.com"]
[Date "2023.09.26"]
[Round "9"]
[White "Darko-Dimitrijevic"]
[Black "salomez"]
[Result "0-1"]
[WhiteElo "2116"]
[BlackElo "2306"]
[TimeControl "180+1"]
[EndTime "9:45:34 PDT"]
[Termination "salomez won by resignation"]

1. c4 Nf6 2. b3 g6 3. Bb2 Bg7 4. g3 O-O 5. Bg2 d6 6. Nf3 e5 7. d3 c6 8. O-O h6 9. h3 Be6 10. Nc3 Nbd7 11. d4 e4 12. Nd2 d5 13. f4 Nh5 14. g4 Bxd4+ 15. Kh2 Nxf4 16. Nxd5 Bxb2 17. Nxf4 Qc7 18. Kh1 Bxa1 19. Qxa1 Qe5 20. Qb1 Nf6 21. Nxe4 Nxe4 22. Bxe4 Rad8 23. Bd3 Kg7 24. Qc1 Rd4 25. e3 Rxd3 26. Nxd3 Qe4+ 27. Kg1 Qxd3 28. Rd1 Qe2 29. Re1 Qf3 30. Kh2 Qf2+ 31. Kh1 Qf3+ 32. Kh2 Rd8 33.
Qc2 h5 34. Qg2 Qxg2+ 35. Kxg2 Rd2+ 36. Kf3 hxg4+ 37. hxg4 Rxa2 38. Rd1 Rb2 39. Rd3 Kf6 40. Kf4 g5+ 41. Kf3 Ke5 42. Rc3 a5 43. Rd3 b5 44. cxb5 cxb5 45. Rc3 Rxb3 46. Rxb3 Bxb3 47. Ke2 a4 48. Kd2 Ke4 49. Kc3 Kf3 50. Kb4 Kxg4 51. Kxb5 Kf3 52. Kc6 Kxe3 53. Kd6 a3 54. Ke7 a2 55. Kf6 a1=Q+ 56. Kxg5 Qe5+ 57. Kh6 Qf6+ 0-1

[Event "Early-Titled-Tuesday-Blitz-September-26-2023"]
[Site "Chess.com"]
[Date "2023.09.26"]
[Round "9"]
[White "HajiyevKanan"]
[Black "Alexei_Gubajdullin"]
[Result "1/2-1/2"]
[WhiteElo "2491"]
[BlackElo "2703"]
[TimeControl "180+1"]
[EndTime "9:45:38 PDT"]
[Termination "Game drawn by 50-move rule"]

1. d4 Nf6 2. Nf3 g6 3. g3 Bg7 4. Bg2 O-O 5. O-O d6 6. b3 a5 7. a3 a4 8. b4 d5 9. Ne5 Nbd7 10. Bb2 Nb6 11. Nd2 Nfd7 12. Nxd7 Bxd7 13. e3 Bb5 14. Re1 c6 15. Rc1 Nc4 16. Nxc4 Bxc4 17. e4 dxe4 18.
Bxe4 e6 19. h4 Qb6 20. c3 Qb5 21. Qf3 Bd5 22. Qd3 Bxe4 23. Qxb5 cxb5 24. Rxe4 Rac8 25.
Rce1 Rfd8 26. g4 Rd5 27. Kg2 Kf8 28. R1e2 h5 29. g5 Ke7 30. f4 Kd7 31. Kf3 Rc4 32. Ke3 Kc6 33. Kd3 Bf8 34. Re5 Bd6 35. Rf2 Bxe5 36.
fxe5 Rd7 37. Bc1 Kc7 38. Bd2 Kd8 39. Rf6 Ke8 40. Rf3 Rcc7 41. Rf6 Rd5 42. Rf3 Rcd7 43. Ke4 Kd8 44. Be1 Kc7 45. Bd2 Kc6 46. Be1 Kc7 47. Bd2 Kd8 48. Be1 Ke8 49. Bd2 Rc7 50. Be1 Rc4 51. Bd2 Rd7 52. Be1 Rdc7 53. Bd2 Kf8 54. Be1 Kg7 55. Bd2 Rc8 56. Be1 Kg8 57. Bd2 Rd8 58. Be1 Rd5 59. Bd2 Rc8 60. Be1 Rcd8 61. Bd2 R8d7 62. Be1 Kf8 63. Bd2 Rc7 64. Be1 Ke8 65. Bd2 Rd8 66. Be1 Rdc8 67. Bd2 Rc4 68. Be1 Rd8 69. Bd2 Rd5 70. Be1 Ke7 71. Bd2 Kf8 72. Be1 Kg8 73. Bd2 Rd7 74. Be1 Rc8 75.
Bd2 Rcd8 76. Be1 Rf8 77. Bd2 Re8 78. Be1 Ree7 79. Bd2 Rd5 80. Be1 Rc7 81. Bd2 Rc4 82.
Be1 b6 83. Bd2 Rc7 84. Be1 Rd8 85. Bd2 Rcd7 86. Be1 Rc8 87. Bd2 Rcc7 88. Be1 Rc6 89. Bd2 Rc4 90. Be1 Rd5 91. Bd2 Rc8 92. Be1 Ra8 93. Bd2 Ra6 94. Be1 Ra7 95. Bd2 Ra8 96. Be1 Rb8 97. Bd2 Rb7 98. Be1 Rbd7 99. Bd2 Rd8 100. Be1 Rf8 101. Bd2 Re8 102. Be1 Re7 103. Bd2 Red7 104. Be1 Rc7 105. Bd2 Rc4 106. Be1 Rd7 107. Bd2 Rc8 108. Be1 Rdc7 109. Bd2 Rb7 110. Be1 Ra7 111. Bd2 Ra6 112. Be1 Ra7 113. Bd2 Rcc7 114. Be1 Rc6 115. Bd2 Rac7 116. Be1 Rd7 117. Bd2 Re7 118. Be1 Re8 119. Bd2 Rd8 120. Be1 Rc7 121. Bd2 Rcc8 122. Be1 Rd7 123. Bd2 Kf8 124. Be1 Ke8 125. Bd2 Kd8 126. Be1 Kc7 127. Bd2 Kc6 128. Be1 Rcd8 129. Bd2 Re8 130. Be1 Kb7 131. Bd2 Kc8 132. Be1 Kd8 1/2-1/2

[Event "Early-Titled-Tuesday-Blitz-September-26-2023"]
[Site "Chess.com"]
[Date "2023.09.26"]
[Round "9"]
[White "sergeikim"]
[Black "Barmen_EV"]
[Result "1-0"]
[WhiteElo "2604"]
[BlackElo "2454"]
[TimeControl "180+1"]
[EndTime "9:45:38 PDT"]
[Termination "sergeikim won by checkmate"]

1. d4 f5 2. c4 Nf6 3. g3 g6 4. Bg2 Bg7 5. Nf3 O-O 6. O-O d6 7. Nc3 Qe8 8. d5 Na6 9. Nd4 Bd7 10. b3 c5 11. dxc6 bxc6 12. Bb2 Rd8 13. e4 fxe4 14. Nxe4 Nxe4 15. Bxe4 c5 16. Bd5+ e6 17. Bb7 Nb8 18. Re1 cxd4 19. Bxd4 Qf7 20. Rc1 Bc6 21. Bxc6 Nxc6 22.
Bxg7 Qxf2+ 23. Kh1 Kxg7 24. Rxe6 Qf3+ 25. Qxf3 Rxf3 26.
Rd1 Rf6 27. Re2 Ne5 28. Rxe5 dxe5 29. Rxd8 Ra6 30. Rd2 Kf6 31. Kg2 Kf5 32. Kf3 h5 33.
h3 Ra3 34. Ke3 a5 35. c5 a4 36. Rb2 axb3 37. axb3 Ra1 38. b4 Re1+ 39. Kd2 Rg1 40.
b5 Rg2+ 41. Kc1 Rxg3 42. b6 Rc3+ 43. Kd2 Rxc5 44. b7 Rd5+ 45. Ke3 Rd8 46. b8=Q Rxb8 47. Rxb8 Kg5 48. Re8 Kh4 49. Rxe5 Kxh3 50. Kf3 Kh4 51. Kf4 Kh3 52. Rg5 h4 53. Kf3 Kh2 54. Rxg6 h3 55. Rh6 Kh1 56. Rxh3+ Kg1 57. Rh4 Kf1 58.
Rh1# 1-0

[Event "Early-Titled-Tuesday-Blitz-September-26-2023"]
[Site "Chess.com"]
[Date "2023.09.26"]
[Round "9"]
[White "Oleksandr_Bortnyk"]
[Black "JimDiGrease"]
[Result "0-1"]
[WhiteElo "3017"]
[BlackElo "2866"]
[TimeControl "180+1"]
[EndTime "9:45:40 PDT"]
[Termination "JimDiGrease won by resignation"]

1. e4 c5 2. c3 d5 3. exd5 Qxd5 4. d4 g6 5. Be3 cxd4 6. cxd4 Bg7 7. Nf3 Nf6 8. Nc3 Qd8 9. Bc4 O-O 10. a3 b6 11.
Ne5 Bb7 12. O-O Nc6 13. Qb3 Qe8 14. Bb5 Na5 15. Qb4 Qd8 16. Bg5 Nd5 17. Qa4 f6 18. Nc6 Bxc6 19. Bxc6 Nxc3 20. bxc3 Nxc6 21. Qxc6 fxg5 22.
Rfe1 Bf6 23. Re3 Rc8 24. Qe4 Qd6 25. g3 Rfd8 26. a4 Qd5 27. Qg4 h5 28. Qe2 Rc4 29. h3 Rd7 30. Re1 Rdc7 31. Qb2 Kf7 32. Kh2 Qc6 33. Re6 Qxe6 34. Rxe6 Kxe6 35. Qa2 Kf7 36.
a5 bxa5 37. Qxa5 Kg7 38. d5 Rxc3 39. Qa6 Rd7 40. Qb5 Rcc7 41. Kg2 Rd6 42. Qa5 Rcd7 43.
g4 Rxd5 44. Qa6 hxg4 45. hxg4 Rd2 46. Qa4 Rc7 47. Qa5 Rcc2 48. Qxa7 Rxf2+ 49. Kg1 Rfd2 0-1

[Event "Early-Titled-Tuesday-Blitz-September-26-2023"]
[Site "Chess.com"]
[Date "2023.09.26"]
[Round "9"]
[White "xxysoul6"]
[Black "KaydenTroffChess"]
[Result "1/2-1/2"]
[WhiteElo "3004"]
[BlackElo "2783"]
[TimeControl "180+1"]
[EndTime "9:45:40 PDT"]
[Termination "Game drawn by repetition"]

1. e4 c5 2. Nf3 g6 3. h4 h6 4. d4 cxd4 5. Nxd4 Bg7 6. Nc3 Nc6 7.
Be3 Nf6 8. Be2 O-O 9. Qd2 d5 10. Nxc6 bxc6 11. e5 Ne4 12. Nxe4 dxe4 13. Bxh6 Qxd2+ 14. Bxd2 Bxe5 15. O-O-O Rb8 16. b3 Be6 17. h5 a5 18. a4 c5 19. Bxa5 c4 20.
b4 Bc3 21. Rh4 Bxb4 22. Bxb4 Rxb4 23. Rxe4 gxh5 24. Rdd4 Rxa4 25. Bxc4 Bxc4 26. Rxc4 Ra1+ 27. Kd2 Rg1 28. g3 e6 29. Re5 Rd8+ 30. Ke2 Rgd1 31. Rxh5 Kg7 32. Kf3 R8d2 33. Rg4+ Kf6 34. Rf4+ Kg6 35.
Rh8 Rxc2 36. Rg8+ Kh7 37. Rg5 Kh6 38. Rg8 Kh7 39. Rfg4 Rdd2 40. R4g7+ Kh6 41. Rg4 Rxf2+ 42. Ke3 Rfe2+ 43. Kf3 Rf2+ 44. Ke3 Rfe2+ 45. Kd3 Red2+ 46. Ke3 Kh7 47. R8g7+ Kh6 48. Rg8 Re2+ 1/2-1/2

[Event "Early-Titled-Tuesday-Blitz-September-26-2023"]
[Site "Chess.com"]
[Date "2023.09.26"]
[Round "9"]
[White "Defenstrator"]
[Black "zajka-molotok"]
[Result "0-1"]
[WhiteElo "2373"]
[BlackElo "2535"]
[TimeControl "180+1"]
[EndTime "9:45:41 PDT"]
[Termination "zajka-molotok won by resignation"]

1. c4 e5 2. Nf3 Nc6 3. d4 e4 4. Ng5 f5 5. Nh3 Nf6 6. Bg5 h6 7. Bxf6 Qxf6 8. e3 g5 9. Nc3 Bb4 10. f3 exf3 11. gxf3 d6 12. Nf2 Bxc3+ 13. bxc3 Bd7 14.
Rb1 O-O-O 15. Qb3 b6 16. c5 dxc5 17. dxc5 Rhe8 18. Ba6+ Kb8 19. cxb6 axb6 20. O-O Rxe3 21. Rbd1 Qxc3 22. Qf7 Ne5 23. Qd5 Qc6 24. Qxc6 Nxc6 25.
Bb5 Ree8 26. Rxd7 Rxd7 27. Bxc6 Rde7 28. Bxe8 Rxe8 29. Rd1 Re2 30. a4 Ra2 31. Rd4 c5 32.
Rd6 Kc7 33. Rxh6 Rxa4 34. Rh5 c4 35. Rxg5 c3 36. Rxf5 c2 37. Nd3 Rd4 38. Rf7+ Kb8 39. Rf8+ Kb7 40. Rf7+ Kc6 41. Ne5+ Kd6 42. Rf6+ Kxe5 43.
Rc6 Rd1+ 0-1

[Event "Early-Titled-Tuesday-Blitz-September-26-2023"]
[Site "Chess.com"]
[Date "2023.09.26"]
[Round "9"]
[White "Manukyan_Artak"]
[Black "Djager97"]
[Result "0-1"]
[WhiteElo "2423"]
[BlackElo "2561"]
[TimeControl "180+1"]
[EndTime "9:45:43 PDT"]
[Termination "Djager97 won by resignation"]

1. e4 e5 2. Nf3 Nc6 3. d4 exd4 4.
Nxd4 Nf6 5. Nxc6 bxc6 6. e5 Qe7 7. Qe2 Nd5 8. c4 Nb6 9. b3 a5 10. a4 Qe6 11. Nc3 Bb4 12. Bb2 O-O 13. O-O-O Re8 14. f4 Qh6 15. g3 d6 16. Bg2 dxe5 17. Rhe1 Bf5 18. Qf3 exf4 19. Qxf4 Qxf4+ 20. gxf4 Bd6 21. Rf1 Bc5 22. Rfe1 Be3+ 23. Rxe3 Rxe3 24. Bxc6 Rb8 25. Nb5 Rxb3 26. Nd4 Rxb2 27. Kxb2 Nxc4+ 28. Kc3 Nd6 29. Nxf5 Nxf5 30. Rd7 h5 31. Rxc7 Rb4 32. Bd5 Rxf4 33.
Rxf7 Kh7 34. Rxf5 Rxf5 35. Be4 Kg6 36. Kc4 Kf6 37. Bxf5 Kxf5 38. Kb5 g5 39. Kxa5 g4 40. Kb4 h4 41. a5 g3 42. hxg3 h3 43. a6 h2 44. a7 h1=Q 45. a8=Q Qxa8 0-1

[Event "Early-Titled-Tuesday-Blitz-September-26-2023"]
[Site "Chess.com"]
[Date "2023.09.26"]
[Round "9"]
[White "astralpulse"]
[Black "Igrok3069"]
[Result "1-0"]
[WhiteElo "2681"]
[BlackElo "2854"]
[TimeControl "180+1"]
[EndTime "9:45:46 PDT"]
[Termination "astralpulse won on time"]

1. Nf3 d5 2. g3 c6 3. Bg2 Bg4 4. O-O e6 5. d4 Nd7 6. c4 Bd6 7. Nc3 Ngf6 8. Qb3 Rb8 9. a4 O-O 10. Nd2 Qb6 11. Qxb6 axb6 12. e4 dxc4 13. e5 Bxe5 14.
dxe5 Nxe5 15. f4 Nd3 16. Nxc4 Nd5 17. Nxd5 exd5 18. Ne5 Nxe5 19. fxe5 Rfe8 20. Bf4 Ra8 21. b3 d4 22. b4 Red8 23. b5 d3 24. Bd2 Bd7 25.
bxc6 Bxc6 26. Rfb1 Ra6 27. Kf2 h6 28. Rb4 Rda8 29.
Ra3 Rd8 30. Bf1 Ra5 31. Rxd3 Rda8 32. Bc3 Rxa4 33. Rxb6 Ra2+ 34. Rb2 R2a3 35. Bb4 Ra1 36. Bd6 R8a2 37. Rdd2 Ra3 38. Bg2 1-0

[Event "Early-Titled-Tuesday-Blitz-September-26-2023"]
[Site "Chess.com"]
[Date "2023.09.26"]
[Round "9"]
[White "TheRigos"]
[Black "Mops_2004"]
[Result "1-0"]
[WhiteElo "2626"]
[BlackElo "2753"]
[TimeControl "180+1"]
[EndTime "9:45:46 PDT"]
[Termination "TheRigos won by resignation"]

1. Nf3 g6 2. g3 Bg7 3. Bg2 Nf6 4. O-O O-O 5. b3 d6 6. d4 e5 7. Bb2 e4 8. Nfd2 e3 9. fxe3 Ng4 10. Rf3 Re8 11. Nf1 c5 12. h3 Nh6 13. Na3 Nc6 14. Qd2 Nf5 15. c3 d5 16. Rd1 Be6 17. Nc2 Nd6 18. Rf2 c4 19. Ba3 b5 20. Bxd6 Qxd6 21.
bxc4 bxc4 22. e4 f5 23. exd5 Bxd5 24. Bxd5+ Qxd5 25. Nfe3 Qd6 26. Rf3 Na5 27. Ng2 Re4 28. e3 Rb8 29. Nb4 h5 30. Rf4 Re7 31. Qf2 Rbe8 32. Rf3 Bh6 33. Re1 Re4 34. Nf4 Kh7 35. Kh2 Nb7 36. Kg2 a5 37. Nbd5 Kg7 38. Rb1 Qd7 39. Rb6 Nd6 40. Qb2 h4 41. Qa3 Nc8 42. Rxg6+ Kh7 43. Nf6+ 1-0

[Event "Early-Titled-Tuesday-Blitz-September-26-2023"]
[Site "Chess.com"]
[Date "2023.09.26"]
[Round "9"]
[White "Lennis93"]
[Black "Flawless_Fighter"]
[Result "1-0"]
[WhiteElo "2738"]
[BlackElo "2826"]
[TimeControl "180+1"]
[EndTime "9:45:47 PDT"]
[Termination "Lennis93 won on time"]

1. b3 Nf6 2. Bb2 e6 3. g3 d5 4. Bg2 Be7 5. Nf3 O-O 6. O-O b6 7. d3 Bb7 8. Nbd2 c5 9. e3 Nc6 10. a3 Qc7 11. e4 d4 12. h3 b5 13. Nh2 Nd7 14. f4 Rae8 15. h4 f5 16. exf5 exf5 17. Nhf3 h6 18. c3 Bf6 19. cxd4 cxd4 20. b4 Kh8 21.
Rc1 Qd6 22. Ng5 Nd8 23. Ndf3 Nb6 24. Ba1 g6 25. Rc5 hxg5 26. hxg5 Bg7 27. Rxb5 Ne6 28.
Ra5 a6 29. Nh4 Bxg2 30. Nxg6+ Kg8 31. Kxg2 Qc6+ 32. Qf3 Qxf3+ 33. Kxf3 Rf7 34. Rxa6 Nd5 35. Re1 Ndc7 36. Rc6 Rd7 37. b5 Kf7 38. b6 Nd5 39. Ne5+ Bxe5 40. Rxe5 Nc3 41. Rxf5+ Kg7 42. Re5 Rde7 43.
Bxc3 dxc3 44. Rxc3 Nd4+ 45. Ke4 Nb5 46. Rc5 Nd6+ 47.
Kf3 Rxe5 48. fxe5 Nf5 49. a4 Kg6 50. a5 Nd4+ 51. Ke4 Ne6 52. Rc6 Kxg5 53. Rxe6 Rxe6 54. b7 1-0

[Event "Early-Titled-Tuesday-Blitz-September-26-2023"]
[Site "Chess.com"]
[Date "2023.09.26"]
[Round "9"]
[White "Francisco_Ferrari"]
[Black "Mikhail_Golubev"]
[Result "0-1"]
[WhiteElo "2398"]
[BlackElo "2579"]
[TimeControl "180+1"]
[EndTime "9:45:48 PDT"]
[Termination "Mikhail_Golubev won by resignation"]

1. e4 c5 2. Nf3 d6 3. d4 Nf6 4. Nc3 cxd4 5. Nxd4 Nc6 6. Bc4 e6 7. O-O a6 8. Bb3 Qc7 9. Nxc6 Qxc6 10. Qe2 b5 11. a4 Bb7 12. axb5 axb5 13. Rxa8+ Bxa8 14. Bd5 Nxd5 15. exd5 Qc4 16. Qh5 Bxd5 17. Nxd5 Qxd5 18. Qxd5 exd5 19. Rd1 Kd7 20. Rxd5 Kc6 21. Rd1 Be7 22. Kf1 Ra8 23. Be3 Bf6 24. b3 Ra2 25. Rc1 Bb2 26. Rd1 Ba3 27. Bd4 g6 28. Rd2 Bb4 29.
Re2 Kd5 30. c3 Ra1+ 31. Re1 Rxe1+ 32. Kxe1 Bc5 33. Bf6 Ke4 34. Ke2 d5 35. f3+ Kf5 36. Bd4 Bxd4 37. cxd4 b4 38. Ke3 h5 39. h4 f6 40. g3 g5 41. hxg5 fxg5 42. f4 gxf4+ 43.
gxf4 h4 44. Kf3 h3 45. Kg3 h2 46. Kxh2 Kxf4 47. Kg2 Ke4 48. Kf2 Kxd4 49. Ke2 Kc3 0-1

[Event "Early-Titled-Tuesday-Blitz-September-26-2023"]
[Site "Chess.com"]
[Date "2023.09.26"]
[Round "9"]
[White "Bauman_Guy"]
[Black "carokannlover213"]
[Result "0-1"]
[WhiteElo "2874"]
[BlackElo "2725"]
[TimeControl "180+1"]
[EndTime "9:45:51 PDT"]
[Termination "carokannlover213 won by resignation"]

1. e4 e6 2. d4 d5 3. Nc3 Nf6 4. Bg5 dxe4 5. Nxe4 Nbd7 6. Nf3 Be7 7. Nxf6+ Nxf6 8. Bd3 c5 9. O-O cxd4 10. Nxd4 O-O 11.
c3 Bd7 12. Qf3 Qb6 13. Rab1 h6 14. Bh4 Nd5 15. Bxe7 Nxe7 16. Qe4 Ng6 17. Qe3 e5 18. Nc2 Nf4 19. Bc4 Bf5 20. Rbc1 Qc6 21. f3 Qxc4 22. Qxe5 Ne2+ 23. Kf2 Nxc1 24. Qxf5 Qd3 25.
Nd4 Qxf5 26. Nxf5 Nd3+ 27. Kg3 Nxb2 28. Rb1 Na4 29. Rxb7 Nxc3 30. a3 Nd5 31. h4 Nf6 32. Kh3 Rfb8 33. Rc7 Rb3 34. a4 a5 35. Ne7+ Kf8 36.
Nf5 Kg8 37. Ne7+ Kh7 38. Nf5 Rb4 39. g4 Rxa4 40. Rxf7 Ne8 41. h5 Rb4 42. Rf8 Rbb8 43. Nh4 Nf6 44. Rf7 a4 45. Nf5 Rg8 46. f4 a3 47. g5 hxg5 48. fxg5 Nxh5 49. Kg4 a2 50. Ne7 a1=Q 51. g6+ Kh8 52. Kxh5 Ra5+ 53. Kg4 Qa4+ 54. Rf4 Qd7+ 55. Nf5 Rxf5 56. Rxf5 Rf8 0-1

[Event "Early-Titled-Tuesday-Blitz-September-26-2023"]
[Site "Chess.com"]
[Date "2023.09.26"]
[Round "9"]
[White "PeshkaCh"]
[Black "Gabix_94"]
[Result "1-0"]
[WhiteElo "2807"]
[BlackElo "2706"]
[TimeControl "180+1"]
[EndTime "9:45:51 PDT"]
[Termination "PeshkaCh won by resignation"]

1. Nf3 Nf6 2. d4 g6 3. c4 Bg7 4. g3 O-O 5. Bg2 b6 6. O-O Bb7 7. Nc3 Ne4 8. Nxe4 Bxe4 9. b3 c5 10.
Bb2 Nc6 11. e3 d5 12. Qe2 cxd4 13. exd4 e6 14. Rad1 Rc8 15. Rfe1 Re8 16. cxd5 Bxd5 17. Ne5 Bxg2 18. Kxg2 Qd5+ 19. Qf3 Qxf3+ 20. Kxf3 Nb4 21. a3 Nd5 22. Rc1 Bh6 23. Rc4 f6 24. Nc6 a5 25. Na7 Rcd8 26. Nb5 Rd7 27. Rc6 Rde7 28. Nd6 Rd8 29. Nc4 b5 30. Nxa5 Kf7 31. b4 Bg7 32. Rc5 Red7 33. Nc6 Ra8 34. Rxb5 g5 35.
Rc5 h5 36. h3 Bf8 37. Rcc1 Bd6 38. Re2 Rg8 39. Rce1 g4+ 40. hxg4 hxg4+ 41. Kg2 Re8 42. Rh1 Kg6 43. Rh4 f5 44. Rh1 Rc7 45.
b5 f4 46. Re4 Kf5 47. Ree1 Rf7 48. Rh5+ Kg6 49. Rxd5 fxg3 50. Rxd6 Rxf2+ 51. Kxg3 Rxb2 52. Rdxe6+ Rxe6 53. Rxe6+ Kf5 54. Re5+ Kf6 55. Kxg4 Rxb5 56. Rxb5 1-0